 Dungeon Crawl Stone Soup version 0.26.1-11-gd32895ea62 (webtiles) character file.

Game seed: 3131802669455688815

2916 Dadi the Cleaver (level 9, -1/111 HPs)
             Began as a Demonspawn Berserker on July 18, 2021.
             Was a High Priest of Trog.
             Slain by a centaur (7 damage)
             ... on level 7 of the Dungeon.
             The game lasted 00:17:59 (8620 turns).

Dadi the Cleaver (Demonspawn Berserker)             Turns: 8620, Time: 00:18:00

Health: -1/111     AC:  6    Str: 18    XL:     9   Next: 50%
Magic:  0/18       EV: 19    Int:  8    God:    Trog [*****.]
Gold:   339        SH:  4    Dex: 16    Spells: 8/8 levels left

rFire    . . .     SeeInvis .   j - +0 war axe
rCold    . . .     Faith    .   o - +1 buckler
rNeg     + . .     Spirit   +   y - +0 robe of Integrity {-Tele Will+ MP+9}
rPois    .         Reflect  .   (helmet restricted)
rElec    .         Harm     .   (no cloak)
rCorr    .         Rampage  .   z - +0 pair of gloves
Will     +....     NoTele   +   (no boots)
Stlth    ..........             e - amulet of guardian spirit
HPRegen  0.28/turn              x - +4 ring of evasion
MPRegen  0.16/turn              r - ring of positive energy

@: berserking, very quick
A: horns 1, icy blue scales 2
a: Renounce Religion, Berserk, Trog's Hand, Brothers in Arms


You were on level 7 of the Dungeon.
You worshipped Trog.
Trog was extremely pleased with you.
You visited 1 branch of the dungeon, and saw 7 of its levels.

You collected 458 gold pieces.
You spent 119 gold pieces at shops.

Inventory:

Hand Weapons
 a - a +0 hand axe
 j - a +0 war axe (weapon)
Missiles
 h - 330 stones
Armour
 b - a +0 animal skin
 o - a +1 buckler (worn)
 p - a scarf of repulsion
 w - a +0 ring mail
 y - the +0 robe of Integrity (worn) {-Tele Will+ MP+9}
   (You bought it in a shop on level 4 of the Dungeon)

   It affects your willpower, your defense against some magical effects.
   It affects your magic capacity (+9).
   It prevents most forms of teleportation.
 z - a +0 pair of gloves (worn)
 A - a +1 cloak
 E - a +0 crystal plate armour
 H - +0 acid dragon scales
Jewellery
 e - an amulet of guardian spirit (around neck)
 g - an uncursed ring of fire
 r - a ring of positive energy (right hand)
 x - a +4 ring of evasion (left hand)
 F - an uncursed ring of poison resistance {unknown}
Wands
 q - a wand of paralysis (12)
 u - a wand of iceblast (8)
 K - a wand of polymorph (12)
Scrolls
 c - 3 scrolls of amnesia
 d - 2 scrolls of fear
 i - 3 scrolls of enchant armour
 l - a scroll of magic mapping
 n - 2 scrolls of teleportation
 s - 3 scrolls of remove curse
 v - 9 scrolls of identify
 G - a scroll of immolation {unknown}
 L - a scroll of random uselessness {unknown}
Potions
 f - 2 potions of haste
 k - a potion of curing
 m - 5 potions of flight {unknown}
 t - a potion of invisibility {unknown}
 B - a potion of attraction {unknown}
 C - 2 potions of heal wounds {unknown}
 D - a potion of ambrosia {unknown}
 I - a potion of degeneration {unknown}
 J - a potion of resistance {unknown}


   Skills:
 + Level 8.1 Fighting
 + Level 8.6 Axes
 - Level 1.7 Armour
 - Level 6.0 Dodging


You had 8 spell levels left.
You didn't know any spells.
Your spell library was empty.

Dungeon Overview and Level Annotations

Branches:
Dungeon (7/15)             Temple (0/1) D:7

Altars:
Ashenzari
Fedhas
Makhleb
Okawaru
Trog
The Shining One

Shops:
D:4 ?*[*   D:5 =   D:6 =   D:7 =


Innate Abilities, Weirdness & Mutations

You have a pair of small horns on your head.
You are mostly covered in icy blue scales. (AC +3)


Message History

The orc warrior misses you. You block the orc's attack.
The centaur shoots an arrow.
The arrow hits you!
* * * LOW HITPOINT WARNING * * *
You start removing your armour.
You continue taking off your +1 cloak.
The orc barely misses you. You block the orc warrior's attack.
You continue taking off your +1 cloak.
The centaur shoots an arrow.
You block the arrow. The orc hits you. You block the orc warrior's attack.
The centaur shoots an arrow.
The arrow closely misses you.
You continue taking off your +1 cloak.
You block the orc's attack. The orc warrior barely misses you.
You continue taking off your +1 cloak.
You block the orc's attack.
You finish taking off your +1 cloak.
A red film seems to cover your vision as you go berserk!
You feel yourself moving faster!
You feel mighty!
The orc warrior hits you with a +0 flail.
* * * LOW HITPOINT WARNING * * *
The centaur unwields a +0 shortbow.
The centaur hits you!
You die...

....#....#####...#.).).#..
....#....# ##............
#####....# ##...###...## #
#....########...#...## #
#######.....(.[........
#................
#................ #####
#....(co.[..).... ♣♣#..)#
###...@.........# ♣)).).#
#..o).........# )♣#)..#
#..(.......!..# ♣♣#####
#.<.......... #$..........
##...?..#### ####...# ####


You could see an orc warrior, a centaur and an orc.

Vanquished Creatures
  Maggie (D:7)
  Prince Ribbit (D:7)
  Eustachio (D:6)
  Menkaure (D:5)
  An ice beast (D:7)
  2 orc warriors (D:7)
  A sky beast (D:5)
  An ogre (D:5)
  A phantom (D:4)
  A centaur (D:5)
  2 bullfrogs
  A gnoll sergeant (D:7)
  Blork the orc (D:5)
  4 scorpions
  A water moccasin skeleton (D:5)
  3 wights (D:7)
  2 howler monkeys (D:6)
  An electric eel (D:6)
  2 hounds (D:4)
  Crazy Yiuf (D:7)
  6 orc wizards
  3 orc priests
  A centaur skeleton (D:6)
  3 worker ants
  Robin (D:4)
  9 adders
  8 gnolls
  A howler monkey skeleton (D:5)
  2 shadow imps
  2 white imps (D:5)
  An ufetubus (D:6)
  2 adder skeletons
  An adder zombie (D:7)
  A worm (D:4)
  3 dart slugs
  2 leopard geckos (D:2)
  22 orcs
  4 ball pythons
  7 bats
  7 giant cockroaches
  17 goblins
  4 hobgoblins
  13 jackals
  6 kobolds
  7 quokkas
  5 frilled lizards
  2 hobgoblin zombies (D:5)
  A kobold skeleton (D:5)
  A kobold zombie (D:5)
  A quokka skeleton (D:4)
  8 rats
180 creatures vanquished.

Vanquished Creatures (others)
  4 plants (D:4)
4 creatures vanquished.

Grand Total: 184 creatures vanquished

Notes
Turn   | Place    | Note
-------+----------+-------------------------------------------
     0 | D:1      | Dadi the Demonspawn Berserker began the quest for the Orb.
     0 | D:1      | Reached XP level 1. HP: 18/18 MP: 1/1
   219 | D:1      | Gained mutation: You have a pair of small horns on your
                  | head. [demonic ancestry]
   219 | D:1      | Reached XP level 2. HP: 24/24 MP: 2/2
   553 | D:1      | Reached ** piety under Trog
   916 | D:2      | Reached XP level 3. HP: 17/29 MP: 3/3
  1683 | D:2      | You fall into a shaft and drop 2 floors!
  1959 | D:4      | Noticed Robin
  1963 | D:4      | Reached XP level 4. HP: 37/37 MP: 2/4
  1974 | D:4      | Killed Robin
  2241 | D:4      | Found Bebretz's Assorted Antiques.
  2250 | D:4      | Bought a sheer robe for 119 gold pieces
  2274 | D:4      | Identified the +0 robe of Integrity {-Tele Will+ MP+9} (You
                  | bought it in a shop on level 4 of the Dungeon)
  2351 | D:4      | Noticed a phantom
  2396 | D:5      | Entered Level 5 of the Dungeon
  2766 | D:4      | Killed a phantom
  2767 | D:4      | Reached skill level 5 in Axes
  2767 | D:4      | Gained mutation: You are partially covered in icy blue
                  | scales. (AC +2) [demonic ancestry]
  2767 | D:4      | Reached XP level 5. HP: 24/43 MP: 5/5
  2950 | D:4      | Found Debran's Armour Shop.
  2987 | D:4      | Found a bloodstained altar of Trog.
  2997 | D:4      | Found Damuer's Magic Scroll Shoppe.
  2999 | D:4      | Found Usedwaon's General Store.
  3070 | D:4      | Reached *** piety under Trog
  3286 | D:3      | Reached XP level 6. HP: 43/49 MP: 6/6
  4446 | D:4      | Found a blossoming altar of Fedhas.
  4703 | D:5      | Found a glowing golden altar of the Shining One.
  5175 | D:5      | Reached skill level 5 in Fighting
  5361 | D:5      | Reached XP level 7. HP: 36/56 MP: 7/7
  5953 | D:5      | Found Piquu's Jewellery Shoppe.
  6143 | D:6      | Reached **** piety under Trog
  6156 | D:6      | Noticed Menkaure
  6164 | D:6      | Noticed Eustachio
  6196 | D:5      | Killed Menkaure
  6197 | D:5      | Reached XP level 8. HP: 17/64 MP: 6/8
  6490 | D:6      | Killed Eustachio
  6491 | D:6      | Reached skill level 5 in Dodging
  6511 | D:6      | Noticed Blork the orc
  6540 | D:5      | Killed Blork the orc
  7151 | D:6      | Found a broken altar of Ashenzari.
  7425 | D:6      | Found Jusmionel's Jewellery Shoppe.
  7785 | D:7      | Noticed Maggie
  7796 | D:7      | Killed Maggie
  7797 | D:7      | Found a burning altar of Makhleb.
  7873 | D:7      | Gained mutation: You are mostly covered in icy blue scales.
                  | (AC +3) [demonic ancestry]
  7873 | D:7      | Reached XP level 9. HP: 71/71 MP: 9/9
  7883 | D:7      | Found Zemminn's Jewellery Emporium.
  8004 | D:7      | Found a staircase to the Ecumenical Temple.
  8023 | D:7      | Reached ***** piety under Trog
  8147 | D:7      | Found a glowing golden altar of the Shining One.
  8332 | D:7      | Found a runed translucent door.
  8333 | D:7      | Noticed Crazy Yiuf
  8343 | D:7      | Killed Crazy Yiuf
  8544 | D:7      | Found an iron altar of Okawaru.
  8544 | D:7      | Noticed Prince Ribbit
  8610 | D:7      | Killed Prince Ribbit
  8620 | D:7      | Slain by a centaur

Illustrated notes

Levels and vault maps discovered:
D:1:      scummos_arrival_hexagon, layout_rooms
D:2:      layout_basic
D:3:      layout_basic
D:4:      kennysheep_goblin_castle, layout_rooms, kennysheep_mini, serial_shops,
          nicolae_shop_overgrown_old_shop, shop, nicolae_shop_crystal, shop,
          fedhas_altar_fruit_tree
D:5:      layout_gridville, serial_shops, shop, chequers_serial_rivers_marsh,
          nicolae_tso_besieged_by_evil
D:6:      layout_cave_pools, basic_altar, serial_shops,
          nicolae_shop_temple_entry_statues_fountains, fountainhead,
          kennysheep_small_spiral, st_stairs_10, hex_large, uniq_menkaure,
          uniq_eustachio, uniq_blork_the_orc
D:7:      layout_basic, marbit_many_paths, minmay_temple_entry_wispy,
          basic_altar, serial_shops, nicolae_shop_stone,
          okawaru_ov_weapons_minmay, uniq_prince_ribbit1, uniq_maggie,
          uniq_crazy_yiuf_cottage

Skill      XL: |  1  2  3  4  5  6  7  8  9 |
---------------+----------------------------+-----
Axes           | 3 4 5 6 7 8 |  8.6
Fighting       | 4 5 6 8 |  8.1
Dodging        | 3 6 |  6.0
Armour         | |  1.7

Action                   |  1- 3 |  4- 6 |  7- 9 || total
-------------------------+-------+-------+-------++-------
Melee: Hand axe          |   121 |   242 |    91 ||   454
       Headbutt          |    11 |    38 |    58 ||   107
       War axe           |       |       |   152 ||   152
Invok: Berserk           |     2 |       |     8 ||    10
  Use: Scroll            |       |     4 |     4 ||     8
       Potion            |       |       |     1 ||     1
 Stab: Sleeping          |     1 |     5 |       ||     6
Armor: Animal skin       |    32 |       |       ||    32
       Ring mail         |     2 |     6 |       ||     8
       Robe              |       |    32 |    55 ||    87
Dodge: Dodged            |    91 |   150 |   239 ||   480
Block: Buckler           |     4 |    41 |    62 ||   107
